 Dungeon Crawl Stone Soup version 0.29.0-11-gd7f09526c8 (webtiles) character file.

Game seed: 3788905008302534951

3815 ghwc the Grappler (level 9, -1/75 HPs)
             Began as a Troll Necromancer on Sept 3, 2022.
             Was an Initiate of Gozag.
             Slain by a gnoll
             ... wielding a +0 spear
             ... led by a gnoll bouda
              (4 damage)
             ... on level 7 of the Dungeon.
             The game lasted 00:07:39 (5671 turns).

ghwc the Grappler (Troll Necromancer)               Turns: 5671, Time: 00:07:39

Health: -1/75      AC:  7    Str: 22    XL:     9   Next: 97%
Magic:  7/7        EV:  5    Int: 11    God:    Gozag
Gold:   1129       SH:  0    Dex: 10    Spells: 9/10 levels left

rFire   . . .      SeeInvis .     - Unarmed
rCold   . . .      Faith    .   (no shield)
rNeg    . . .      Spirit   .   a - +1 robe
rPois   .          Reflect  .   f - +0 hat
rElec   .          Harm     .   (no cloak)
rCorr   .          Rampage  .   (gloves unavailable)
Will    .....                   (boots unavailable)
Stlth   +.........              (no amulet)
HPRegen 1.02/turn               t - ring of wizardry
MPRegen 0.10/turn               (no ring)

@: held
A: large, unfitting armour, claws 3, regeneration 1, shaggy fur 1, tough skin 1,
iridescent scales 1, frail 1, low MP 2
a: Renounce Religion, Potion Petition, Call Merchant, Bribe Branch


You were on level 7 of the Dungeon.
You worshipped Gozag.
Gozag was most pleased with you.
You visited 1 branch of the dungeon, and saw 7 of its levels.
You also visited: Ossuary.

You collected 1159 gold pieces.
You spent 30 gold pieces at shops.

Inventory:

Missiles
 s - 6 curare-tipped darts
Armour
 a - a +1 robe (worn)
 f - a +0 hat (worn)
Jewellery
 t - a ring of wizardry (left claw)
Wands
 u - a wand of mindburst (19)
 w - a wand of roots (3)
 z - a wand of flame (17)
Scrolls
 c - 2 scrolls of summoning
 e - 3 scrolls of fear
 g - 2 scrolls of teleportation
 l - a scroll of noise
 r - 3 scrolls of enchant weapon
 x - a scroll of blinking
Potions
 b - 4 potions of magic
 d - a potion of ambrosia
 h - a potion of resistance {unknown}
 i - 2 potions of haste
 j - a potion of brilliance
 k - a potion of degeneration {unknown}
 m - a potion of might
 n - 3 potions of curing
 o - 2 potions of heal wounds
 p - a potion of flight
 q - a potion of lignification


   Skills:
 + Level 3.8 Fighting
 - Level 1.5 Dodging
 - Level 1.0 Stealth
 * Level 13.2 Unarmed Combat
 - Level 1.2 Spellcasting
 - Level 3.7 Necromancy


You had 9 spell levels left.
You knew the following spells:

 Your Spells              Type           Power      Damage    Failure   Level
a - Necrotise             Necr           32%        1d5       2%          1

Your spell library contained the following spells:

 Spells                   Type           Power      Damage    Failure   Level
 Vampiric Draining        Necr           8%         2d6       9%          3
 Call Canine Familiar     Summ           0%         N/A       34%         3
 Portal Projectile        Hex/Tloc       0%         N/A       34%         3
 Agony                    Necr           8%         N/A       56%         5
 Leda's Liquefaction      Hex/Erth       0%         N/A       75%         4
 Freezing Cloud           Conj/Ice/Air   0%         6-21      96%         5
 Polar Vortex             Ice            0%         N/A       100%        9
 Animate Dead             Necr           Unusable   N/A       N/A         4
 Simulacrum               Ice/Necr       Unusable   N/A       N/A         6

Dungeon Overview and Level Annotations

Branches:
Dungeon (7/15)             Temple (0/1) D:6         Ossuary (visited)

Altars:
Gozag
Uskayaw

Shops:
D:2 *   D:6 =


Innate Abilities, Weirdness & Mutations

You are too large for most types of armour.
You have claws for hands.
Your natural rate of healing is unusually fast.
You are covered in fur. (AC +1)
You have tough skin. (AC +1)
You are partially covered in iridescent scales. (AC +2)
You are frail. (-10% HP)
Your magical capacity is very low. (-20% MP)


Message History

No target in view!
You start resting.
Your attacks no longer feel as feeble.
You climb downwards.
The gnoll hits you with a +0 flail.
A steam dragon comes into view.
The ogre closely misses you.
The gnoll throws a throwing net.
The throwing net hits you.
You become entangled in the net!
The gnoll hits you with a +0 flail.
There is a stone staircase leading up, spattered with blood here.
You see here a throwing net.
You struggle against the net.
The steam dragon hisses angrily.
The ogre hits you with a +0 giant club! The gnoll barely misses you.
You struggle against the net.
The gnoll barely misses you. The gnoll hits you with a +0 flail.
You struggle against the net.
The ogre hits you with a +0 giant club!
The gnoll hits you from afar with a +0 spear.
The gnoll hits you but does no damage.
Unknown command.
You struggle against the net.
The gnoll barely misses you.
The ogre hits you with a +0 giant club!!
* * * LOW HITPOINT WARNING * * *
The gnoll barely misses you.
You rip the net and break free!
The gnoll throws a throwing net.
The throwing net hits you.
You become entangled in the net!
The gnoll hits you with a +0 flail.
* * * LOW HITPOINT WARNING * * *
Unknown command.
As you read the scroll of fear, it crumbles to dust.
You assume a fearsome visage.
The ogre looks frightened!
The steam dragon looks frightened!
The gnoll looks frightened! x2
The ogre looks desperately for an escape route.
You struggle against the net.
The gnoll hits you from afar with a +0 spear.
* * * LOW HITPOINT WARNING * * *
You struggle against the net.
Cornered, the ogre turns to fight!
The gnoll cries, "Mercy!"
The gnoll hits you from afar with a +0 spear.
You die...
Your body crumbles into a pile of gold.

#.# ##....
#).###..<####..
#.............
###....######.
#####g...####...
#.............#
..###....######
##.$#$#
##.@.$.##
#O.###$.# #g##
#$..#
#.....#.#..#
#$#...#.##... g.
...#.# ###.# ..#
...#.. # .D.
...##. ..## ..[#
#


You could see a steam dragon (fleeing), an ogre and 3 gnolls.

Vanquished Creatures
  An ugly thing (D:6)
  The ghost of jonaskbp the Magician, a novice DjSu of Ashenzari (D:5)
  A wyvern (D:7)
  A steam dragon (D:6)
  4 water moccasins (D:5)
  2 black bears
  A sky beast (D:7)
  A centaur (D:6)
  3 phantoms
  A kobold brigand (D:6)
  2 elf zombies (Ossuary)
  A bullfrog (D:7)
  3 scorpions
  3 wights (D:6)
  7 killer bees (D:7)
  2 howler monkeys
  6 hounds
  An orc priest (D:6)
  A gnoll bouda (D:6)
  4 iguanas
  5 orc wizards
  2 mummies (Ossuary)
  Robin (D:4)
  9 adders
  7 gnolls
  An adder zombie (Ossuary)
  3 worms
  A dart slug (D:5)
  18 orcs
  6 endoplasms
  6 giant cockroaches
  10 hobgoblins
  10 jackals
  3 quokkas
  7 ball pythons
  A bat (D:2)
  3 frilled lizards
  14 goblins
  8 hobgoblin zombies (Ossuary)
  3 jackal zombies (Ossuary)
  9 kobolds
  9 kobold zombies (Ossuary)
  12 orc zombies (Ossuary)
  A quokka zombie (D:6)
  3 rats
  3 rat zombies
201 creatures vanquished.

Notes
Turn   | Place    | Note
-------+----------+-------------------------------------------
     0 | D:1      | ghwc the Troll Necromancer began the quest for the Orb.
     0 | D:1      | Reached XP level 1. HP: 16/16 MP: 1/1
    54 | D:1      | Reached skill level 1 in Unarmed Combat
    64 | D:1      | Reached XP level 2. HP: 21/24 MP: 2/2
   879 | D:2      | Reached skill level 2 in Unarmed Combat
  1042 | D:2      | Reached XP level 3. HP: 31/31 MP: 3/3
  1064 | D:2      | Found Ifiucid's General Store.
  1070 | D:2      | Bought a potion of curing for 30 gold pieces
  1585 | D:2      | Found a faded altar of an unknown god.
  1595 | D:2      | Prayed at the altar of an unknown god.
  1595 | D:2      | Became a worshipper of Gozag Ym Sagoz the Greedy
  1788 | D:3      | Reached skill level 3 in Unarmed Combat
  1894 | D:3      | Reached XP level 4. HP: 39/39 MP: 4/4
  2346 | D:4      | Reached skill level 4 in Unarmed Combat
  2373 | D:4      | Reached XP level 5. HP: 45/45 MP: 5/5
  2573 | D:4      | Noticed Robin
  2596 | D:4      | Killed Robin
  2680 | D:4      | Noticed a phantom
  2688 | D:4      | Killed a phantom
  2689 | D:4      | Reached skill level 5 in Unarmed Combat
  2719 | D:4      | Reached XP level 6. HP: 37/53 MP: 6/6
  2813 | D:4      | Reached skill level 6 in Unarmed Combat
  3209 | D:5      | Entered Level 5 of the Dungeon
  3214 | D:5      | Noticed a water moccasin
  3224 | D:5      | Killed a water moccasin
  3327 | D:5      | Found a hide-covered altar of Uskayaw.
  3337 | D:5      | Reached skill level 7 in Unarmed Combat
  3337 | D:5      | Reached XP level 7. HP: 51/59 MP: 7/7
  3472 | D:5      | Found a runed translucent gate.
  3472 | D:5      | Found a runed translucent gate.
  3472 | D:5      | Found a runed translucent gate.
  3475 | D:5      | Noticed jonaskbp's ghost (novice DjSu)
  3680 | D:5      | Reached skill level 8 in Unarmed Combat
  3878 | D:5      | Reached skill level 9 in Unarmed Combat
  3878 | D:5      | Reached XP level 8. HP: 66/67 MP: 8/8
  4132 | D:5      | Gained mutation: You are frail. (-10% HP) [potion of
                  | mutation]
  4132 | D:5      | Gained mutation: Your magical capacity is low. (-10% MP)
                  | [potion of mutation]
  4132 | D:5      | Gained mutation: Your magical capacity is very low. (-20%
                  | MP) [potion of mutation]
  4132 | D:5      | Gained mutation: You are partially covered in iridescent
                  | scales. (AC +2) [potion of mutation]
  4143 | D:5      | Killed jonaskbp's ghost
  4144 | D:5      | Reached skill level 10 in Unarmed Combat
  4229 | D:6      | Found a sand-covered staircase.
  4238 | D:6      | Reached skill level 11 in Unarmed Combat
  4248 | Ossuary  | Entered an ossuary
  4645 | D:6      | Reached XP level 9. HP: 63/67 MP: 7/7
  4653 | D:6      | Identified the +2 robe of Omywer {rC+ Str-2 Int+3 Archmagi}
  4681 | D:6      | Reached skill level 1 in Fighting
  4780 | D:6      | Found a staircase to the Ecumenical Temple.
  4896 | D:6      | Found Nadew's Jewellery Shop.
  4926 | D:6      | Noticed a cyan ugly thing
  4941 | D:6      | Killed a cyan ugly thing
  4942 | D:6      | Reached skill level 12 in Unarmed Combat
  5477 | D:7      | Reached skill level 13 in Unarmed Combat
  5670 | D:7      | HP: 2/75 [gnoll/+0 spear[a gnoll bouda] (5)]
  5671 | D:7      | Slain by a gnoll

Illustrated notes

Levels and vault maps discovered:
D:1:      lightli_arrival_quake, layout_basic
D:2:      layout_loops_ring, shapermc_ecumenical_altar_pompeii, serial_shops,
          nicolae_shop_hallway_plus, hangedman_decor_riveting
D:3:      layout_loops_ring
D:4:      layout_loops_ring, mrwooster_statue_mirror, uniq_robin
D:5:      layout_loops_cross, eat_drink_and_be_merry_uskayaw,
          gammafunk_ghost_split, minmay_misc_feat_secret_circle
D:6:      layout_basic, minmay_temple_entry_stoned_glass, enter_ossuary_4,
          serial_shops, nicolae_take_the_stairs
D:7:      layout_rooms, kennysheep_mini_moat, uniq_menkaure

Skill      XL: |  1  2  3  4  5  6  7  8  9 |
---------------+----------------------------+-----
Unarmed Combat | 1 2 3 4 5 7 9 11 13 | 13.2
Fighting       | 3 |  3.8
Dodging        | |  1.5
Stealth        | |  1.0
Spellcasting   | |  1.2
Necromancy     | |  3.7

Action                   |  1- 3 |  4- 6 |  7- 9 || total
-------------------------+-------+-------+-------++-------
Melee: Unarmed           |   131 |   163 |   305 ||   599
       Punch             |       |     9 |     7 ||    16
  Use: Scroll            |       |    12 |     5 ||    17
       Potion            |       |       |     7 ||     7
 Stab: Sleeping          |     3 |     2 |     2 ||     7
       Distracted        |       |     1 |     1 ||     2
Armor: Robe              |    53 |    31 |    92 ||   176
Dodge: Dodged            |    58 |    55 |    99 ||   212
